 Dungeon Crawl Stone Soup version 0.15-a0-193-gf781f13 (webtiles) character file.

178 PolkaDot the Vexing (level 4, 0/30 HPs)
             Began as a Vampire Enchanter on Apr 22, 2014.
             Shot with a stone by a goblin (2 damage)
             ... on Level 2 of the Dungeon.
             The game lasted 00:04:24 (1024 turns).

PolkaDot the Vexing (Vampire Enchanter)             Turns: 1024, Time: 00:04:24

HP   0/30        AC  3     Str  7      XL: 4   Next: 74%
MP   2/7         EV 12     Int 17      God:
Gold 59          SH  0     Dex 15      Spells:  2 memorised,  4 levels left

rFire  + . .     SeeInvis +     a - +2,+1 dagger
rCold  . . .     Clarity  .     b - +1 robe
rNeg   . . .     Conserve .     (no shield)
rPois  .         rCorr    .     (no helmet)
rElec  .         rRot     .     (no cloak)
SustAb . .       Spirit   .     (no gloves)
rMut   .         Warding  .     (no boots)
Saprov . . .     Stasis   .     h - amulet of faith
MR     .....                    (no ring)
                                f - ring of protection from fire

@: regenerating quickly, lethally poisoned, not resistant to hostile
enchantments, stealthy
A: fangs 3, see invisible, unbreathing
a: no special abilities


You were on level 2 of the Dungeon.
You were full.

You visited 1 branch of the dungeon, and saw 2 of its levels.

You collected 59 gold pieces.

Inventory:

Hand weapons
 a - a +2,+1 dagger (weapon)
Missiles
 d - 12 darts (quivered)
Armour
 b - a +1 robe (worn)
Scrolls
 i - a scroll of identify
 k - a scroll of remove curse {unknown}
 l - 2 scrolls of teleportation {unknown}
 m - a scroll of enchant armour {unknown}
Jewellery
 f - a ring of protection from fire (left hand)
 h - an amulet of faith (around neck)
Potions
 g - 2 potions of confusion {!q}
Books
 c - a book of Maledictions

   Spells                             Type                      Level
   *Corona                            Hexes                        1
   Sure Blade                         Hexes/Charms                 2
   *Ensorcelled Hibernation           Hexes/Ice                    2
   Confuse                            Hexes                        3
   Dazzling Spray                     Conjuration/Hexes            3
   Enslavement                        Hexes                        4


   Skills:
 * Level 3.8 Short Blades
 - Level 0.7 Throwing
 - Level 2.1 Dodging
 - Level 3.0 Stealth
 - Level 2.0 Spellcasting
 + Level 5.6 Hexes
 + Level 1.6 Ice Magic


You had 4 spell levels left.
You knew the following spells:

 Your Spells              Type           Power        Failure   Level  Hunger
a - Corona                Hex            ###....      1%          1    #......
d - Ensorcelled Hibernat  Hex/Ice        ##....       10%         2    ###....


Dungeon Overview and Level Annotations

Branches:
Dungeon (2/15)

Altars:


Innate Abilities, Weirdness & Mutations

Your natural rate of healing is unusually fast.
You have razor-sharp teeth.*
You have supernaturally acute eyesight.
You can survive without breathing.*


Message History

Your +1,+1 dagger glows green for a moment.
You feel sick.
Your magical contamination has completely faded away.
Read which item? (? for menu, Esc to quit)
As you read the scroll labeled SAYSENA FEOC, it crumbles to dust.
It is a scroll of identify.
Identify which item? (\ to view known items) (? for menu, Esc to quit)
h - an amulet of faith (around neck) Read which item? (? for menu, Esc to quit)
As you read the scroll labeled GRIOHU LISEI, it crumbles to dust.
You feel aware of your surroundings.
It was a scroll of magic mapping.
You feel sick. The goblin closely misses you.
Read which item? (? for menu, Esc to quit)
Okay, then.
The goblin shoots a stone.
The stone hits you!
* * * LOW HITPOINT WARNING * * *
You see here a stone.
The goblin shoots a stone.
The stone misses you.
The goblin shoots a stone.
The stone hits you!
You die...

##.#####.#########. #.#
#.# #. #.# #.# #. #.#
#.# #######.
#.#####.###.......
#######(................
#.....(.#####.###.......
#.......# #.# #.......
****######.....g@# #.#
########
≈≈≈≈≈≈≈≈≈#(..)..(#
#.##########
≈≈≈≈≈≈≈≈≈≈....(..#
#...........
,,,.....≈≈≈......#
############
,,,.....h≈≈g######
,,*####.h≈≈)##
***,..#..≈≈..#
,,'...'..≈≈≈.##
,,*,..#..≈≈≈g(#


You could see 2 goblins.

Vanquished Creatures
  Sigmund (D:2)
  Terence (D:2)
  An adder (D:2)
  A ball python (D:1)
  4 goblins
  6 hobgoblins
  A jackal (D:2)
  3 kobolds (D:2)
  3 bats
  A quokka (D:2)
  A rat (D:1)
23 creatures vanquished.

Notes
Turn   | Place    | Note
--------------------------------------------------------------
     0 | D:1      | PolkaDot, the Vampire Enchanter, began the quest for the Orb.
     0 | D:1      | Reached XP level 1. HP: 13/13 MP: 3/3
   460 | D:1      | Reached XP level 2. HP: 16/19 MP: 4/4
   464 | D:1      | Learned a level 2 spell: Ensorcelled Hibernation
   749 | D:2      | Noticed Sigmund
   765 | D:2      | Killed Sigmund
   765 | D:2      | Reached skill level 5 in Hexes
   765 | D:2      | Reached skill level 1 in Ice Magic
   765 | D:2      | Reached XP level 3. HP: 12/24 MP: 3/6
   765 | D:2      | Reached XP level 4. HP: 15/30 MP: 3/7
   863 | D:2      | Noticed Terence
   882 | D:2      | Killed Terence
  1022 | D:2      | HP: 1/30 [goblin/ stone (2)]
  1024 | D:2      | Shot with a stone by a goblin

Action                   |  1- 3 |  4- 6 || total
-------------------------+-------+-------++-------
Melee: Dagger            |    63 |    52 ||   115
 Cast: Ensorcelled Hiber |     1 |     7 ||     8
  Use: Potion            |     1 |     4 ||     5
       Scroll            |       |     3 ||     3
 Stab: Sleeping          |     1 |     2 ||     3
